[Event "Gibraltar Challengers A 2019"]
[Site "Caleta"]
[Date "2019.01.21"]
[Round "1"]
[White "Castrillon Gomez, Melissa"]
[Black "Crocker, Philip J"]
[Result "1-0"]
[ECO "D15"]
[WhiteElo "2244"]
[BlackElo "2109"]
[Annotator "NA"]
[PlyCount "85"]
[EventDate "2019.01.21"]
[EventType "swiss"]
[EventCountry "GGB"]
[SourceTitle "playchess.com"]
[Source "ChessBase"]
[SourceQuality "1"]
[TimeControl "6600+10"]

1. Nf3 Nf6 2. d4 d5 3. c4 c6 4. e3 Bf5 5. Nc3 a6 6. cxd5 {[%emt 0:04:23] D15: Slav Defence: 4 Nc3 a6 and gambit lines after 4 Nc3 dxc4} (6. Qb3 b5 7. c5 a5 8. Nh4 Bc8 9. f4 g6 10. Bd3 Nh5 11. Nf3 Bf5 12. e4 a4 13. Qc2 dxe4 14. Bxe4 Bxe4 15. Nxe4 {0-1 (53) Gelfand,B (2703)-Grandelius,N (2655) Batumi 2018}) 6... cxd5 7. Qa4+ Bd7 8. Qb3 e6 9. Qxb7 Nc6 10. Qb3 Bd6 11. Bd3 O-O 12. O-O Rb8 $146 ({Predecessor:} 12... Qc7 13. Bd2 Rfb8 {1-0 (42) Bente,B (2150)-Langer,W (1865) Seefeld 1998}) 13. Qd1 e5 14. dxe5 ({Don't play} 14. Bxa6 $6 e4 $11) 14... Nxe5 15. Be2 Nxf3+ 16. Bxf3 Be6 17. Qd3 Rb4 18. Rd1 Ng4 19. h3 {[%emt 0:13:35] [#]} (19. Bxg4 $1 $14 {is the one way to stay ahead.} Bxg4 20. f3) 19... Ne5 $2 (19... Bh2+ $1 $17 {stays on course.} 20. Kf1 Ne5 21. Qxa6 Nxf3 22. gxf3 Qf6) 20. Qe2 Nxf3+ 21. Qxf3 Bb8 22. Nxd5 Rb5 23. e4 Bxd5 24. exd5 Qd6 25. g3 Qd7 26. a4 Rb6 27. Kg2 Rd8 28. Ra3 Rb4 (28... h6 $142 29. Rb3 Rg6) 29. a5 Bd6 30. Rb3 Rxb3 31. Qxb3 Rb8 32. Qc4 Rb5 33. Qc6 Qd8 34. Re1 Kf8 35. Be3 Bb4 36. Rd1 Bxa5 37. Bc5+ Kg8 38. d6 Rxb2 39. d7 Rb8 40. Bd6 Ra8 41. Be7 $18 (41. Rd5 $142 h6 42. Re5) 41... Qxe7 42. Qxa8+ Bd8 43. Rc1 1-0

[Event "Gibraltar Challengers A 2019"]
[Site "Caleta"]
[Date "2019.01.21"]
[Round "1"]
[White "Meszaros, Andras"]
[Black "Spacapan, Simon"]
[Result "1-0"]
[ECO "D30"]
[WhiteElo "2226"]
[BlackElo "2061"]
[Annotator "NA"]
[PlyCount "41"]
[EventDate "2019.01.21"]
[EventType "swiss"]
[EventCountry "GGB"]
[SourceTitle "playchess.com"]
[Source "ChessBase"]
[SourceQuality "1"]
[TimeControl "6600+10"]

1. Nf3 d5 2. c4 c6 3. d4 Nf6 4. e3 e6 5. Nbd2 {[%emt 0:00:16] LiveBook: 1435 Games} a6 {[%emt 0:01:54] D30: Queen's Gambit Declined: Systems without Nc3} (5... Nbd7 6. Bd3 Bd6 7. O-O O-O 8. e4 e5 9. cxd5 cxd5 10. Re1 h6 11. exd5 exd4 12. Nc4 Nb6 13. Nxd6 Qxd6 14. Nxd4 Nbxd5 15. Bf1 Rd8 16. Nb5 Qb6 17. Qf3 Bd7 18. Nc3 Bc6 19. Nxd5 Rxd5 20. b3 Re5 21. Qc3 Ng4 22. Be3 Nxe3 23. Qxe5 {½-½ (23) Onischuk,A (2685)-Duda,J (2697) Khanty-Mansiysk 2017}) 6. Bd3 dxc4 7. Nxc4 b5 8. Nce5 c5 9. O-O Bb7 {[%emt 0:00:16] [#]} 10. Ng5 $1 Qd5 11. e4 Qxd4 12. Nexf7 c4 $146 ({Predecessor:} 12... Rg8 13. Be3 Qd7 {1-0 (32) Huang,Z (2107)-Zhou,X (1682) Zhongshan 2014}) 13. Bc2 Qxd1 14. Rxd1 ({Weaker is} 14. Bxd1 Rg8 $16) 14... Rg8 15. Nxe6 Nc6 16. Nfg5 Rc8 17. e5 h6 18. exf6 gxf6 19. Ne4 Kf7 (19... Nb4 $142 20. Bb1 Be7) 20. Nxf8 Kxf8 21. Rd7 $18 1-0

[Event "Gibraltar Challengers A 2019"]
[Site "Caleta"]
[Date "2019.01.21"]
[Round "1"]
[White "Abdulraheem Abdulrahman Akint"]
[Black "Bujakevich, Aleksandr"]
[Result "1/2-1/2"]
[ECO "A14"]
[WhiteElo "2224"]
[BlackElo "2054"]
[Annotator "NA"]
[PlyCount "78"]
[EventDate "2019.01.21"]
[EventType "swiss"]
[EventCountry "GGB"]
[SourceTitle "playchess.com"]
[Source "ChessBase"]
[SourceQuality "1"]
[TimeControl "6600+10"]

1. Nf3 d5 2. c4 e6 3. g3 Nf6 4. Bg2 Be7 {[%emt 0:03:56] LiveBook: 6078 Games} 5. O-O O-O 6. b3 Ne4 7. Qc2 {[%emt 0:01:52] A14: English Opening: 1...e6 with b3 by White} (7. Bb2 Bf6 8. d4 c5 9. e3 Nc6 10. Nc3 Nxc3 11. Bxc3 dxc4 12. bxc4 Bd7 13. Rc1 cxd4 14. exd4 Rc8 {0-1 (60) Korpa,B (2421)-Kosic,D (2493) Budapest 2014}) 7... Bf6 8. d4 c5 9. Bb2 Nc6 $146 ({Predecessor:} 9... cxd4 10. Nxd4 Bxd4 11. Bxd4 dxc4 12. Qxe4 cxb3 13. axb3 Nc6 14. Bc5 Re8 15. Nc3 Qf6 16. Qe3 a5 17. Rfd1 Qf5 18. Nb5 Rb8 19. Nd6 {1-0 (19) Lauer,R (1719)-Pibernik,D (1509) GER email 2012}) 10. Rd1 Nb4 11. Qc1 dxc4 12. Ne5 (12. bxc4 $16 Bd7 13. Nbd2 Nxd2 14. Rxd2) 12... cxd4 13. Bxd4 {[%emt 0:12:04] [#]} Nd3 $1 14. Qe3 (14. Rxd3 $142 cxd3 15. e3) 14... Nxe5 $2 (14... Ndxf2 $19 15. Na3 Bg5) 15. Bxe4 Ng4 16. Qd2 $1 Bxd4 17. Qxd4 Qxd4 18. Rxd4 cxb3 19. axb3 Nf6 20. Bf3 e5 21. Rda4 a6 22. Nc3 Rb8 23. Nd5 Nxd5 24. Bxd5 Rd8 25. e4 Kf8 26. Rc1 b5 27. Ra2 Rb6 28. Rc7 Be6 29. Bxe6 Rxe6 30. Ra7 Rdd6 31. Kg2 Rc6 32. Kf1 $17 (32. Kf3 ) 32... g6 33. Ke2 Red6 34. f4 Rd4 35. fxe5 Rxe4+ 36. Kd3 Rxe5 37. R7xa6 Rxa6 38. Rxa6 Ke7 39. Rb6 h5 1/2-1/2

[Event "Gibraltar Challengers A 2019"]
[Site "Caleta"]
[Date "2019.01.21"]
[Round "1"]
[White "Maisuradze, Nino"]
[Black "Lung, Liviu-Catalin"]
[Result "1-0"]
[ECO "A69"]
[WhiteElo "2215"]
[BlackElo "2036"]
[Annotator "NA"]
[PlyCount "71"]
[EventDate "2019.01.21"]
[EventType "swiss"]
[EventCountry "GGB"]
[SourceTitle "playchess.com"]
[Source "ChessBase"]
[SourceQuality "1"]
[TimeControl "6600+10"]

1. d4 Nf6 2. c4 g6 3. Nc3 Bg7 4. e4 O-O 5. f4 c5 6. d5 d6 7. Be2 e6 8. Nf3 exd5 9. cxd5 Re8 10. e5 dxe5 11. fxe5 Ng4 12. Bg5 Qb6 13. O-O Nxe5 14. d6 Nxf3+ 15. Bxf3 Bd4+ {[%emt 0:01:05] LiveBook: 5 Games A69: Modern Benoni: Four Pawns Attack with 9...Re8} ({Black should try} 15... Qxb2 $15 16. Nd5 Bd4+ 17. Kh1 $15 Qxa1 18. Qxa1 Bxa1 19. Rxa1 Nd7 (19... Re5 20. Bf4 Rxd5 21. Bxd5 Nc6 22. Bxc6 bxc6 23. Rc1 f6 24. Be3 {½-½ (56) Rain,R (2278)-Romm,M (2460) ICCF email 2014})) 16. Kh1 Nd7 $2 (16... Qxd6 $14 17. Bd5 Be6 18. Bxb7 Nd7) 17. Bd5 Ne5 18. Ne4 Re6 $146 ({Predecessor:} 18... Be6 19. Nf6+ Kg7 20. Nxe8+ Rxe8 21. Bf6+ Kg8 22. Qa4 Rf8 23. Bxe5 Bxd5 24. Bxd4 cxd4 {½-½ (44) De Villiers,C (2237)-Wium,D (1923) Cape Town 2015}) 19. Bxe6 Bxe6 20. Nf6+ Kg7 {[%emt 0:14:34] [#]} 21. Qe1 $1 Qxd6 {[%emt 0:15:43] [#]} 22. Bh6+ $1 Kxh6 23. Qh4+ Kg7 24. Qxh7+ Kf8 25. Qg8+ Ke7 26. Qxa8 Bf5 27. Ng8+ Ke6 28. Qe8+ Kd5 29. Ne7+ Ke4 30. Rae1+ Kd3 31. Qb5+ c4 32. Rd1+ Ke3 33. Nd5+ Ke2 34. Nf4+ Ke3 35. Rde1+ Kd2 36. Re2# 1-0

[Event "Gibraltar Challengers A 2019"]
[Site "Caleta"]
[Date "2019.01.21"]
[Round "1"]
[White "Rodriguez Perez, Angel Mariano"]
[Black "Sedgwick, David"]
[Result "1-0"]
[ECO "C01"]
[WhiteElo "2204"]
[BlackElo "2024"]
[Annotator "NA"]
[PlyCount "83"]
[EventDate "2019.01.21"]
[EventType "swiss"]
[EventCountry "GGB"]
[SourceTitle "playchess.com"]
[Source "ChessBase"]
[SourceQuality "1"]
[TimeControl "6600+10"]

1. e4 e6 2. d4 d5 3. exd5 exd5 4. Bf4 Bd6 5. Qd2 {[%emt 0:00:07] C01: French: Exchange Variation} (5. Bxd6 Qxd6 6. c3 Bf5 7. Bd3 Bxd3 8. Qxd3 Ne7 9. Ne2 Nd7 10. Nd2 O-O 11. O-O {½-½ (11) Vovk,A (2617)-Vovk,Y (2626) Fagernes 2015}) 5... Bf5 6. Nc3 Nf6 7. O-O-O O-O 8. f3 Nc6 9. g4 Bg6 10. h4 Nb4 $146 ({Predecessor:} 10... h5 11. g5 Bxf4 12. Qxf4 Ne8 13. Nh3 Ne7 14. Nf2 {½-½ (59) Vorotnikov,V (2505)-Danielian,O (2450) Moscow 1996}) 11. Bxd6 Qxd6 (11... cxd6 $11 12. Bd3 Bxd3 13. cxd3 Ne8) 12. h5 Bxc2 13. Nb5 Qc6 14. Qxb4 Bxd1+ 15. Kxd1 a6 16. Nc3 Rfe8 17. Rh2 (17. g5 $14) 17... a5 18. Qa4 Qd6 19. Qc2 c5 20. Nb5 Qd7 {[%emt 0:05:31] [#]} 21. g5 $1 ({Not} 21. dxc5 d4 $16) 21... Ng4 22. fxg4 Qxg4+ 23. Ne2 Qxg5 24. Nc7 Qf6 25. Rh1 Qf3 26. Rg1 cxd4 27. Nxe8 (27. Bg2 $142 Qxh5 28. Nxa8 Rxa8 29. Rh1) 27... Rxe8 28. Bg2 Qe3 29. Qd2 Qf2 30. Bf1 g6 31. hxg6 fxg6 32. Qg5 Qf3 33. Qg3 Qe4 34. Nc1 Rf8 35. Bd3 Qe8 36. Qg2 Qc6 37. Qc2 Qxc2+ 38. Bxc2 b5 39. Ne2 Rc8 40. Nxd4 Rc5 41. Rg5 Kg7 42. Ne6+ $18 1-0

[Event "Gibraltar Challengers A 2019"]
[Site "Caleta"]
[Date "2019.01.21"]
[Round "1"]
[White "Saber, Yasser"]
[Black "Hassomal Daswani, Birjkumar"]
[Result "1-0"]
[ECO "A44"]
[WhiteElo "2201"]
[BlackElo "2008"]
[Annotator "NA"]
[PlyCount "120"]
[EventDate "2019.01.21"]
[EventType "swiss"]
[EventCountry "GGB"]
[SourceTitle "playchess.com"]
[Source "ChessBase"]
[SourceQuality "1"]
[TimeControl "6600+10"]

1. d4 c5 2. d5 e5 3. e4 d6 4. Nc3 Be7 5. Nf3 Nf6 6. h3 {[%emt 0:09:07] A44: Semi-Benoni} (6. Bb5+ Nbd7 7. a4 O-O 8. O-O Ne8 9. a5 a6 10. Be2 g6 11. Nd2 f5 12. Nc4 f4 13. Bg4 Ng7 14. f3 {0-1 (46) Pfreundt,J (2394)-Heberla,B (2570) Karlsruhe 2018}) 6... Nbd7 7. a4 Nf8 8. Bb5+ Bd7 $146 ({Predecessor:} 8... N6d7 9. Be3 Ng6 10. g3 a6 11. Be2 Nf6 12. Nd2 h5 13. a5 h4 {0-1 (41) Tsygankov,D (2068)-Chuguev,A (2197) Novosibirsk 2008}) 9. O-O Ng6 10. Nd2 O-O 11. Bxd7 Qxd7 12. Nc4 Ne8 13. Ne3 Bg5 14. Qg4 Qxg4 15. hxg4 Rd8 16. f3 Rd7 17. Kf2 Nh8 18. g3 g6 19. Kg2 Bd8 20. Rh1 Ng7 21. f4 f6 22. f5 g5 23. Nc4 Ne8 24. Be3 Nf7 25. Kf3 Bc7 26. Rhb1 Ng7 27. b4 cxb4 28. Rxb4 Bb8 29. Rab1 Nd8 30. Nb5 a6 31. Nba3 h5 32. Na5 hxg4+ 33. Kxg4 Rff7 34. c4 (34. Rc4 $142) 34... Ne8 35. c5 dxc5 36. Bxc5 Bd6 37. Nb3 Rc7 38. Rc4 Bxc5 39. Rxc5 Rxc5 40. Nxc5 Rc7 41. Rc1 Nd6 42. Kf3 b6 43. Nd3 Rxc1 44. Nxc1 N8b7 45. Nb3 Kf7 46. Ke3 Ke7 47. Kd3 Kd7 48. Nc4 Kc7 49. Ne3 b5 50. axb5 axb5 51. Ng4 Ne8 52. Kc3 Kb6 53. Kb4 Nbd6 54. Nc5 Kc7 55. Ka5 (55. Nf2 $16) 55... Nxf5 56. exf5 Kd6 57. Ne4+ Kxd5 58. Nexf6+ Nxf6 59. Nxf6+ Kc4 60. Ne4 Kd5 1-0

[Event "Gibraltar Challengers A 2019"]
[Site "Caleta"]
[Date "2019.01.21"]
[Round "1"]
[White "Onabogun, Kolade"]
[Black "Vinal Gutierrez, Pedro"]
[Result "0-1"]
[ECO "C16"]
[WhiteElo "2189"]
[BlackElo "1997"]
[Annotator "NA"]
[PlyCount "62"]
[EventDate "2019.01.21"]
[EventType "swiss"]
[EventCountry "GGB"]
[SourceTitle "playchess.com"]
[Source "ChessBase"]
[SourceQuality "1"]
[TimeControl "6600+10"]

1. e4 e6 2. d4 d5 3. Nc3 Bb4 4. e5 Qd7 5. Bd2 b6 6. a3 {[%emt 0:01:27] C16: French: 3 Nc3 Bb4 4 e5: Lines without ...c5} (6. h4 Ne7 7. h5 Ba6 8. Bxa6 Nxa6 9. Qe2 Nb8 10. O-O-O Bxc3 11. Bxc3 c5 12. Nf3 h6 13. dxc5 bxc5 {1-0 (45) Tutisani,N (2469)-Bernadskiy,V (2586) Yerevan 2018}) 6... Bxc3 7. Bxc3 Nh6 $146 ({Predecessor:} 7... Ne7 8. Qg4 O-O 9. Nf3 Ba6 10. Bb4 Bxf1 11. Bxe7 Qxe7 12. Rxf1 c5 13. O-O-O Nc6 14. Rfe1 Rac8 15. Kb1 Nxd4 16. Nxd4 cxd4 17. Rxd4 b5 18. Qh4 Qxh4 {½-½ (18) Kristinsson,B (2180)-Arnason,A (2103) Reykjavik 2017}) 8. h4 Bb7 9. Bd3 Nc6 10. h5 O-O-O 11. Qd2 Nxe5 12. dxe5 d4 13. Bb4 c5 14. Nf3 Nf5 15. Qf4 cxb4 16. axb4 Kb8 17. b5 g6 18. Ke2 Rc8 19. Ra4 Rhd8 20. Rha1 Rc7 21. g4 Bxf3+ 22. Qxf3 Ng7 (22... Ne7 $16) 23. Ra6 Qd5 24. h6 Ne8 25. Qf4 Rxc2+ 26. Bxc2 d3+ 27. Ke1 dxc2 $19 28. Qc1 Qh1+ 29. Ke2 Rd1 30. Qxd1 cxd1=Q+ 31. Rxd1 Qe4+ 0-1

[Event "Gibraltar Challengers A 2019"]
[Site "Caleta"]
[Date "2019.01.21"]
[Round "1"]
[White "Lacrosse, Marc"]
[Black "Burke, Mitchell R"]
[Result "1/2-1/2"]
[ECO "E91"]
[WhiteElo "2182"]
[BlackElo "1994"]
[Annotator "NA"]
[PlyCount "58"]
[EventDate "2019.01.21"]
[EventType "swiss"]
[EventCountry "GGB"]
[SourceTitle "playchess.com"]
[Source "ChessBase"]
[SourceQuality "1"]
[TimeControl "6600+10"]

1. d4 Nf6 2. c4 g6 3. Nc3 Bg7 4. e4 d6 5. Be2 O-O 6. Be3 Nbd7 7. Nf3 c5 8. d5 b5 9. cxb5 a6 10. a4 Qa5 11. O-O Qb4 12. Qc2 axb5 13. axb5 Bb7 14. Nd2 Nb6 15. Ra2 Nfd7 16. Rfa1 Rxa2 17. Rxa2 Ra8 18. Rxa8+ $16 Bxa8 19. h3 e6 20. dxe6 fxe6 21. Bg4 Nf8 22. Bf4 d5 23. Bd6 d4 24. Na2 Qxb5 25. Qxc5 Qxc5 26. Bxc5 Na4 27. Bxf8 Kxf8 28. Bxe6 Nxb2 29. Kf1 Bh6 1/2-1/2

[Event "Gibraltar Challengers A 2019"]
[Site "Caleta"]
[Date "2019.01.21"]
[Round "1"]
[White "Crespo, Eugenio"]
[Black "Lutz, Klaus-Juergen"]
[Result "1-0"]
[ECO "D34"]
[WhiteElo "2169"]
[BlackElo "2200"]
[Annotator "NA"]
[PlyCount "81"]
[EventDate "2019.01.21"]
[EventType "swiss"]
[EventCountry "GGB"]
[SourceTitle "playchess.com"]
[Source "ChessBase"]
[SourceQuality "1"]
[TimeControl "6600+10"]

1. Nf3 d5 2. g3 Nf6 3. Bg2 e6 4. O-O Be7 5. c4 O-O 6. d4 c5 7. cxd5 exd5 8. Nc3 Nc6 {[%emt 0:00:11] LiveBook: 5096 Games} 9. e3 Bg4 {[%emt 0:10:53] D34: Tarrasch Defence: 6 g3 Nf6 7 Bg2 Be7} 10. Qa4 (10. dxc5 Bxc5 11. h3 Bf5 12. a3 a5 13. Nd4 Bxd4 14. exd4 Qb6 15. g4 Be4 16. g5 Bxg2 17. Kxg2 Ne4 18. Nxd5 Qd8 {0-1 (35) Aseev,V (2116)-Musalov,R (2399) St Petersburg 2011}) 10... Bd7 11. dxc5 Bxc5 12. Qh4 $146 ({Predecessor:} 12. Qb3 $11 Na5 13. Qc2 Rc8 14. Rd1 Bb4 15. Bd2 Ne4 16. Be1 Bxc3 17. Bxc3 Nxc3 18. bxc3 {0-1 (82) Villegas Loaiza,M-Matews,M Merida 1997}) 12... Be7 13. Qf4 Be6 14. Nd4 Bd6 15. Nxe6 fxe6 16. Qa4 Qe7 17. Bd2 Rae8 18. Rfd1 Qf7 19. Be1 Qh5 20. h3 Bb8 21. Qc2 Ne5 22. Qe2 Qf7 23. Rac1 h5 24. Nb5 Kh8 (24... h4 $11) 25. Bb4 Rg8 26. Nd6 Bxd6 27. Bxd6 Nc4 28. Bb4 Rc8 29. Bc3 Rgf8 30. b3 Nd6 31. Bb4 Qd7 32. Qb2 Rxc1 33. Rxc1 Rf7 34. Qe5 Nde8 35. Bf3 g6 36. Bc3 Kh7 37. g4 Ng7 $18 38. Kg2 h4 39. Qg5 Ne4 40. Qxh4+ Kg8 41. Be5 1-0

[Event "Gibraltar Challengers A 2019"]
[Site "Caleta"]
[Date "2019.01.21"]
[Round "1"]
[White "Gonzalez Gonzalez, Alfonso"]
[Black "Sikkel, Dirk"]
[Result "1-0"]
[ECO "B06"]
[WhiteElo "2160"]
[BlackElo "1943"]
[Annotator "NA"]
[PlyCount "81"]
[EventDate "2019.01.21"]
[EventType "swiss"]
[EventCountry "GGB"]
[SourceTitle "playchess.com"]
[Source "ChessBase"]
[SourceQuality "1"]
[TimeControl "6600+10"]

1. d4 g6 2. e4 Bg7 3. Nc3 d6 4. Be3 a6 5. Qd2 b5 6. a4 b4 7. Nd5 {[%emt 0:03:52] B06: Modern Defence} (7. Nd1 Bb7 8. f3 a5 9. c3 bxc3 10. bxc3 Nd7 11. Bd3 Nb6 12. Ne2 Bc6 13. Nb2 Nf6 14. Bh6 O-O {1-0 (35) Moiseenko,A (2692)-Petrosian,T (2625) Berlin 2015}) 7... a5 8. c3 c6 9. Nf4 bxc3 10. bxc3 Nf6 11. f3 O-O 12. Nge2 $146 ({Predecessor:} 12. Bc4 Nbd7 13. Bxf7+ Rxf7 14. Ne6 Qb6 {0-1 (38) Wieth,K (1870)-Pirola,C (2110) Matinhos 2015}) 12... Qc7 13. Ng3 e5 14. dxe5 dxe5 15. Nd3 Rd8 16. Qf2 Nbd7 17. Be2 Ba6 18. O-O Bc4 19. Nb2 Bxe2 20. Nxe2 Rdb8 21. Nc4 Rb3 22. Rfd1 Ne8 23. Rd3 Rab8 24. Rad1 Rb1 25. Nc1 Nf8 26. Qa2 c5 27. R3d2 R1b7 28. Na3 Ne6 29. Nb5 Qc8 30. Qc4 $14 Bf8 31. Nb3 Ra8 32. Rd5 N8c7 33. Rxe5 Nxb5 34. axb5 Qb8 35. Rxe6 fxe6 36. Qxe6+ Rf7 37. b6 Qe8 38. Qxe8 Rxe8 39. Nxa5 Rf6 40. Nc4 Rb8 41. Rd5 1-0

[Event "Gibraltar Challengers A 2019"]
[Site "Caleta"]
[Date "2019.01.21"]
[Round "1"]
[White "Janiszewski, Maciej"]
[Black "Nandi, Robin J"]
[Result "1/2-1/2"]
[ECO "E05"]
[WhiteElo "2146"]
[BlackElo "1903"]
[Annotator "NA"]
[PlyCount "86"]
[EventDate "2019.01.21"]
[EventType "swiss"]
[EventCountry "GGB"]
[SourceTitle "playchess.com"]
[Source "ChessBase"]
[SourceQuality "1"]
[TimeControl "6600+10"]

1. Nf3 d5 2. d4 Nf6 3. c4 e6 4. g3 Be7 5. Bg2 O-O 6. O-O dxc4 7. Ne5 c5 8. dxc5 Qc7 9. Nxc4 Qxc5 10. b3 Nc6 {[%emt 0:05:47] E05: Open Catalan: 5 Nf3 Be7} (10... Rd8 11. Nbd2 Nc6 12. Bb2 Qb5 13. e3 Bd7 14. a4 Qa6 15. g4 Be8 16. g5 Nd7 17. Qg4 Nde5 18. Nxe5 Nxe5 19. Bxe5 Rxd2 {½-½ (31) Matlakov,M (2701)-Blomqvist,E (2574) Caleta 2017}) 11. Ba3 Nb4 12. Bxb4 $146 ({Predecessor:} 12. Nc3 Rd8 13. Qc1 e5 14. Qb2 Be6 15. Na4 Qb5 16. Qxe5 Nfd5 17. Rad1 Bf6 18. Qh5 {½-½ (66) Baklanov,V (2461)-Salmi,I (2434) ICCF email 2008}) 12... Qxb4 13. a3 Qc5 14. Nbd2 Rb8 15. Rc1 b6 16. b4 Qb5 17. Nf3 Bb7 18. Nd4 Qe8 19. Ne5 Bxg2 20. Kxg2 Rd8 21. Nec6 Rd5 22. Qb3 Qd7 23. Rfd1 g6 {[%emt 0:05:30] [#]} 24. f3 $1 Ne8 25. e4 Rd6 26. e5 Rd5 27. Nxe7+ Qxe7 28. Nc6 Qg5 29. f4 $18 ({Weaker is} 29. Nxa7 Rxd1 30. Qxd1 (30. Rxd1 Qxe5 31. Nc6 Qe2+ 32. Kg1 Nf6 $11) 30... Qxe5 $14) 29... Rxd1 30. Qxd1 Qh5 31. Qxh5 gxh5 32. Ne7+ Kg7 33. Rc8 f6 34. Nc6 fxe5 35. fxe5 Kf7 36. Nxa7 Rg8 37. Rb8 Rg5 38. Nc6 h4 39. Rxb6 Ng7 40. Rb7+ Kg6 41. Ne7+ Kh5 42. Ng8 hxg3 43. hxg3 Nf5 1/2-1/2

[Event "Gibraltar Challengers A 2019"]
[Site "Caleta"]
[Date "2019.01.21"]
[Round "1"]
[White "Kandic, Milan"]
[Black "Fischer, Gerd"]
[Result "1/2-1/2"]
[ECO "C41"]
[WhiteElo "2136"]
[BlackElo "2083"]
[Annotator "NA"]
[PlyCount "56"]
[EventDate "2019.01.21"]
[EventType "swiss"]
[EventCountry "GGB"]
[SourceTitle "playchess.com"]
[Source "ChessBase"]
[SourceQuality "1"]
[TimeControl "6600+10"]

1. e4 d6 2. d4 Nf6 3. Nc3 e5 4. Nf3 exd4 5. Qxd4 Be7 6. Bb5+ {[%emt 0:04:20] C41: Philidor Defence} (6. Bg5 h6 7. Bf4 O-O 8. Be2 a6 9. O-O Nc6 10. Qd3 Re8 11. Rad1 Nd7 12. Nd5 Bf6 13. b4 a5 14. a3 axb4 15. axb4 {½-½ (25) Dubov,D (2627)-Rapport,R (2709) Moscow 2015}) 6... Nc6 7. Bxc6+ bxc6 8. h3 O-O 9. O-O Re8 10. Bg5 $146 ({Predecessor:} 10. Bf4 Bb7 11. Rfe1 c5 12. Qd3 Bf8 13. Rad1 {1-0 (41) Roseneck,J (1764)-Sykora,M (1550) Maribor 2012}) 10... h6 11. Bh4 Nd7 12. Bxe7 Qxe7 13. Rfe1 c5 14. Qd2 Bb7 15. Nd5 Bxd5 16. exd5 Qf6 17. c4 a5 18. Re2 Rab8 19. Rae1 Rxe2 $11 20. Rxe2 a4 21. Qc2 Nb6 22. Nh2 h5 23. Nf1 g6 24. Ng3 Kg7 25. Re4 Nxd5 26. Re2 Nf4 27. Rd2 Qe5 28. Ne2 Re8 1/2-1/2

[Event "Gibraltar Challengers A 2019"]
[Site "Caleta"]
[Date "2019.01.21"]
[Round "1"]
[White "Jordan Martinez, David"]
[Black "Francois-Haugrin, Said"]
[Result "1-0"]
[ECO "B20"]
[WhiteElo "2125"]
[BlackElo "1825"]
[Annotator "NA"]
[PlyCount "51"]
[EventDate "2019.01.21"]
[EventType "swiss"]
[EventCountry "GGB"]
[SourceTitle "playchess.com"]
[Source "ChessBase"]
[SourceQuality "1"]
[TimeControl "6600+10"]

1. e4 c5 2. g3 Nc6 3. Bg2 g6 4. Ne2 Bg7 5. c3 d6 6. d4 cxd4 7. cxd4 Bg4 8. f3 {[%emt 0:00:41] B20: Sicilian: Unusual White 2nd moves} Bd7 9. Nbc3 Nf6 {[%emt 0:24:17] LiveBook: 22 Games} 10. Be3 O-O 11. Qd2 (11. O-O e5 12. d5 {1-0 (32) Fedorov,A (2561)-Amonatov,F (2615) St Petersburg 2018}) 11... e5 12. O-O Re8 $146 ({Predecessor:} 12... exd4 13. Nxd4 Nxd4 14. Bxd4 Bc6 15. Rad1 Re8 {1-0 (41) Munoz Pantoja,M (2477)-Perpinya Rofes,L (2373) Barcelona 2016}) 13. Rfd1 Qa5 14. a3 a6 15. d5 Ne7 16. b4 Qd8 17. a4 a5 18. Rdb1 b6 19. bxa5 bxa5 20. Bb6 $18 Qc8 21. Nb5 Bxb5 22. Rxb5 Nd7 23. Bh3 f5 24. Rc1 Qa6 25. Be3 h5 26. Rc7 1-0

[Event "Gibraltar Challengers A 2019"]
[Site "Caleta"]
[Date "2019.01.21"]
[Round "1"]
[White "Osuna Vega, Enrique"]
[Black "Hng, Mei-Xian Eunice"]
[Result "1-0"]
[ECO "A21"]
[WhiteElo "2116"]
[BlackElo "1718"]
[Annotator "NA"]
[PlyCount "61"]
[EventDate "2019.01.21"]
[EventType "swiss"]
[EventCountry "GGB"]
[SourceTitle "playchess.com"]
[Source "ChessBase"]
[SourceQuality "1"]
[TimeControl "6600+10"]

1. c4 e5 2. Nc3 Bc5 3. e3 Nf6 4. Nf3 Nc6 5. d4 exd4 6. exd4 Be7 7. d5 Nb8 8. Bd3 d6 9. h3 Nbd7 10. Bf4 O-O 11. O-O c6 12. Bc2 cxd5 $16 13. Nxd5 Nxd5 14. Qxd5 Nf6 15. Qd4 Qc7 16. Rac1 b6 17. Rfe1 Re8 18. Ba4 Rd8 19. b4 Qb7 20. Qe3 Nh5 21. Bg5 Be6 22. Nd4 Bxg5 23. Qxg5 Nf6 24. Bc6 Qc8 25. Bxa8 Qxa8 26. Nxe6 fxe6 27. Rxe6 Rf8 28. Rxd6 Kh8 29. f3 Qe8 30. Rcd1 h6 31. Qd2 1-0

[Event "Gibraltar Challengers A 2019"]
[Site "Caleta"]
[Date "2019.01.21"]
[Round "1"]
[White "Suez-Panama, Gilles"]
[Black "Villar Reymundo, Juan Antonio"]
[Result "0-1"]
[ECO "E11"]
[WhiteElo "2078"]
[BlackElo "2237"]
[Annotator "NA"]
[PlyCount "68"]
[EventDate "2019.01.21"]
[EventType "swiss"]
[EventCountry "GGB"]
[SourceTitle "playchess.com"]
[Source "ChessBase"]
[SourceQuality "1"]
[TimeControl "6600+10"]

1. d4 Nf6 2. Nf3 e6 3. c4 Bb4+ 4. Nbd2 d5 5. a3 Be7 6. g3 O-O 7. Bg2 b6 8. O-O {[%emt 0:00:53] E11: Bogo-Indian} Bb7 9. Qc2 {[%emt 0:00:31] LiveBook: 13 Games} (9. b4 c5 10. bxc5 bxc5 11. Rb1 Qc8 12. Bb2 Nbd7 13. dxc5 Nxc5 14. Qc2 Nfe4 15. Rfc1 f6 16. cxd5 Bxd5 {0-1 (41) Rodshtein,M (2695)-Fedoseev,V (2731) Tbilisi 2017}) 9... Nbd7 10. Rd1 c5 11. cxd5 exd5 12. dxc5 bxc5 13. b3 $146 ({Predecessor:} 13. e4 Qc7 14. exd5 Bxd5 15. Nc4 Qb7 16. Nh4 Bxg2 17. Nxg2 Rfe8 18. Bf4 Bf8 {½-½ (41) Sorokin,A (2344)-Gasanov,E (2488) Moscow 2016}) 13... a5 14. Bb2 a4 15. Ne5 Nb6 16. Ne4 axb3 17. Qxb3 Nxe4 18. Bxe4 Qc7 19. Bg2 Bd6 20. Ng4 Bc6 $2 (20... d4 $17 21. Bxb7 Qxb7) 21. Qf3 (21. Rac1 $11 {remains equal.}) 21... f5 22. Ne3 f4 23. gxf4 $2 (23. Nxd5 $15 Bxd5 24. Rxd5 fxg3 25. Rf5 Rxf5 26. Qxf5 gxf2+ 27. Qxf2 Bxh2+ 28. Kh1) 23... Rxf4 24. Qh5 d4 25. Nd5 Nxd5 26. Bxd5+ Kh8 27. Rd3 g6 28. Qg5 Rf5 29. Qg2 $19 Rxd5 30. e4 Rh5 31. h3 Qe7 32. Re1 Rg5 33. Rg3 Bxg3 34. fxg3 Re5 0-1